 Dungeon Crawl Stone Soup version 0.29-a0-330-g52719c12eb (webtiles) character file.

Game seed: 10764428659406225713

2866 tilp the Arsonist (level 9, 0/86 HPs)
             Began as a Naga Fire Elementalist on Apr 29, 2022.
             Slain by a vampire mosquito (2 damage)
             ... on level 7 of the Dungeon.
             The game lasted 00:14:02 (7336 turns).

tilp the Arsonist (Naga Fire Elementalist)          Turns: 7336, Time: 00:14:02

Health: 0/86       AC:  6    Str: 12    XL:     9   Next: 75%
Magic:  9/15       EV:  9    Int: 17    God:
Gold:   245        SH:  0    Dex: 13    Spells: 6/16 levels left

rFire   + + .      SeeInvis +   a - +3 quarterstaff "Wesiq" {venom, Fly rF+ rN+}
rCold   . . .      Faith    .   (shield currently unavailable)
rNeg    + . .      Spirit   .   u - +2 leather armour {rF+}
rPois   +          Reflect  .   (no helmet)
rElec   .          Harm     .   v - scarf {shadows}
rCorr   +          Rampage  .   (no gloves)
Will    +....                   (no barding)
Stlth   ++........              (no amulet)
HPRegen 0.24/turn               h - ring of resist corrosion
MPRegen 0.14/turn               (no ring)

@: flying, very slow
A: AC +3, large, see invisible, deformed body, poison resistance, slowness 2,
spit poison 1, naga tail 1
a: Spit Poison


You were on level 7 of the Dungeon.
You visited 1 branch of the dungeon, and saw 9 of its levels.

You collected 245 gold pieces.

Inventory:

Hand Weapons
 a - the +3 quarterstaff "Wesiq" (weapon) {venom, Fly rF+ rN+}
   (You found it on level 2 of the Dungeon)

   It poisons the flesh of those it strikes.
   rF:        It protects you from fire.
   rN:        It protects you from negative energy.
   Fly:       It grants you flight.
 b - a +3 rapier
 l - a +0 dagger
 r - a +0 morningstar of flaming
 w - a +0 fustibalus
Armour
 e - a +0 robe
 f - a +3 scale mail
 g - a +0 buckler
 j - the +2 robe "Hufetevi" {+Blink Int-5 Dex+2}
   (You found it on level 2 of the Dungeon)

   Int:       It affects your intelligence (-5).
   Dex:       It affects your dexterity (+2).
   +Blink:    It lets you blink.
 o - the +3 leather armour "Kelyo" {Rampage}
   (You found it on level 3 of the Dungeon)

   Rampage:   It bestows one free step when moving towards enemies.
 u - a +2 leather armour of fire resistance (worn)
 v - a scarf of shadows (worn)
Jewellery
 h - a ring of resist corrosion (left hand)
 k - a ring of flight
Wands
 n - a wand of digging (1)
 q - a wand of paralysis (7)
 x - a wand of polymorph (13)
Scrolls
 d - 2 scrolls of teleportation
 m - 4 scrolls of fog
 s - a scroll of enchant armour {unknown}
 z - 2 scrolls of identify
Potions
 i - 3 potions of magic
 p - a potion of might
 t - a potion of invisibility {unknown}


   Skills:
 + Level 7.0 Fighting
 + Level 5.4 Staves
 - Level 2.0 Dodging
 - Level 4.0 Stealth
 - Level 4.0 Spellcasting
 - Level 4.0 Conjurations
 - Level 8.0 Fire Magic


You had 6 spell levels left.
You knew the following spells:

 Your Spells              Type           Power      Damage    Failure   Level
a - Foxfire               Conj/Fire      92%        2x1d8     1%          1
b - Scorch                Fire           60%        2d8       1%          2
c - Conjure Flame         Conj/Fire      23%        6-21      4%          3
d - Flame Wave            Conj/Fire      23%        2d7       17%         4

Your spell library contained the following spells:

 Spells                   Type           Power      Damage    Failure   Level
 Inner Flame              Hex/Fire       17%        N/A       12%         3
 Animate Skeleton         Necr           6%         N/A       21%         1
 Pain                     Necr           12%        1d4       21%         1
 Vampiric Draining        Necr           3%         2d6       52%         3


Dungeon Overview and Level Annotations

Branches:
Dungeon (9/15)             Temple (0/1) D:7
   Lair: D:8-11         Orc: D:9-12

Altars:
Qazlal
Beogh

Shops:
D:1 *

Annotations:
D:5 2 runed translucent doors, Flippered's ghost, novice MiHu


Innate Abilities, Weirdness & Mutations

Your serpentine skin is tough. (AC +3)
You have supernaturally acute eyesight. (SInv)
Armour fits poorly on your strangely shaped body.
Your system is resistant to poisons. (rPois)
You cover ground very slowly.
You can spit poison.
You have a snake-like lower body.


Message History

The vampire mosquito draws strength from your injuries!
The vampire mosquito bites you.
* * * LOW HITPOINT WARNING * * *
The vampire mosquito draws strength from your injuries!
Aiming: Paralyse
Press: ? - help, Shift-Dir - straight line, f/p - vampire mosquito
Aim: a vampire mosquito (lightly damaged, more vulnerable to fire, chance to affect: 49%)
The vampire mosquito resists with some effort.
The vampire mosquito bites you!
* * * LOW HITPOINT WARNING * * *
The vampire mosquito draws strength from your injuries!
The vampire mosquito bites you but does no damage. x2
Aiming: Paralyse
Press: ? - help, Shift-Dir - straight line, f/p - vampire mosquito
Aim: a vampire mosquito (lightly damaged, more vulnerable to fire, chance to affect: 49%)
The vampire mosquito suddenly stops moving!
The vampire mosquito is no longer more vulnerable to fire.
The vampire mosquito bites you.
* * * LOW HITPOINT WARNING * * *
The vampire mosquito draws strength from your injuries!
The vampire mosquito bites you.
* * * LOW HITPOINT WARNING * * *
The vampire mosquito draws strength from your injuries!
Unknown command.
Aiming: Paralyse
Press: ? - help, Shift-Dir - straight line, f - vampire mosquito, p - vampire mosquito
Aim: a vampire mosquito (moderately damaged, chance to affect: 49%)
The vampire mosquito resists with some effort.
The vampire mosquito bites you but does no damage.
The vampire mosquito bites you.
* * * LOW HITPOINT WARNING * * *
The vampire mosquito draws strength from your injuries!
Unknown command.
Aiming: Paralyse
Press: ? - help, Shift-Dir - straight line, f/p - vampire mosquito
Aim: a vampire mosquito (moderately damaged, chance to affect: 49%)
The vampire mosquito resists with some effort.
The vampire mosquito is no longer more vulnerable to fire.
The vampire mosquito bites you.
You die...

#....#
#.##.# #
#.# #.# #.#
#.# #.#
#.#######
#.....y@#
#######y#
#h##
#######y.##
..........#
.##.##.##.#
.... .#
......).#
⌠...⌠..#.#


You could see 3 vampire mosquitoes and a hound.

Vanquished Creatures
  Grinder (D:4)
  A wyvern (D:7)
  5 yaks (D:5)
  Menkaure (D:6)
  2 sky beasts
  2 ogres (D:5)
  An ice beast (D:5)
  A centaur (D:7)
  2 phantoms
  A kobold brigand (D:6)
  A bullfrog (D:8)
  2 scorpions
  2 necrophages
  2 jellies
  A gnoll shaman (D:9)
  5 hounds
  3 iguanas
  4 orc wizards
  7 adders
  3 gnolls (D:9)
  2 white imps
  2 ufetubi
  A worm (D:4)
  5 dart slugs
  11 orcs
  8 bats
  8 endoplasms
  5 giant cockroaches
  7 goblins
  4 hobgoblins
  A jackal (D:3)
  2 quokkas (D:3)
  5 ball pythons
  4 frilled lizards
  13 kobolds
  6 rats
131 creatures vanquished.

Vanquished Creatures (others)
  131 foxfires
131 creatures vanquished.

Grand Total: 262 creatures vanquished

Notes
Turn   | Place    | Note
-------+----------+-------------------------------------------
     0 | D:1      | tilp the Naga Fire Elementalist began the quest for the
                  | Orb.
     0 | D:1      | Reached XP level 1. HP: 15/15 MP: 3/3
   408 | D:1      | Reached XP level 2. HP: 22/22 MP: 3/5
   884 | D:1      | Found Beeg's General Store.
  1007 | D:2      | Reached skill level 4 in Fire Magic
  1010 | D:2      | Learned a level 2 spell: Scorch
  1080 | D:2      | Reached XP level 3. HP: 12/28 MP: 1/6
  1302 | D:2      | Identified the +3 quarterstaff "Wesiq" {venom, Fly rF+ rN+}
  1342 | D:2      | Identified the +2 robe "Hufetevi" {+Blink Int-5 Dex+2}
  2099 | D:3      | Learned a level 3 spell: Conjure Flame
  2118 | D:3      | Reached XP level 4. HP: 36/36 MP: 7/7
  2198 | D:3      | Found a stormy altar of Qazlal.
  2251 | D:3      | Identified the +3 leather armour "Kelyo" {Rampage}
  2322 | D:3      | Reached skill level 5 in Fire Magic
  2581 | D:3      | Found a faded altar of an unknown god.
  2965 | D:3      | Noticed a sky beast
  2981 | D:3      | Killed a sky beast
  2982 | D:3      | Reached skill level 6 in Fire Magic
  2982 | D:3      | Reached skill level 1 in Fighting
  2982 | D:3      | Reached XP level 5. HP: 11/44 MP: 0/8
  2991 | D:3      | Reached XP level 6. HP: 8/52 MP: 0/9
  3473 | D:4      | Noticed Grinder
  3473 | D:4      | Paralysed by Grinder for 2 turns
  3823 | D:4      | Reached XP level 7. HP: 55/60 MP: 1/12
  3962 | D:4      | Paralysed by Grinder for 6 turns
  3972 | D:4      | Killed Grinder
  4368 | D:5      | Entered Level 5 of the Dungeon
  4374 | D:5      | Reached skill level 1 in Staves
  4377 | D:5      | Reached XP level 8. HP: 41/72 MP: 6/14
  4876 | D:5      | Learned a level 4 spell: Flame Wave
  5044 | D:5      | Found a runed translucent door.
  5049 | D:5      | Noticed Flippered's ghost (novice MiHu)
  5074 | D:5      | Noticed a yak
  5077 | D:5      | Noticed a yak
  5078 | D:5      | Noticed a yak
  5079 | D:5      | Noticed a yak
  5085 | D:5      | Killed a yak
  5086 | D:5      | Reached skill level 7 in Fire Magic
  5090 | D:5      | Noticed a yak
  5490 | D:5      | Found a runed translucent door.
  5604 | D:5      | Killed a yak
  5623 | D:5      | HP: 2/72 [yak (10)]
  5624 | D:5      | Killed a yak
  5625 | D:5      | Reached skill level 8 in Fire Magic
  5647 | D:5      | Killed a yak
  5648 | D:5      | Reached skill level 5 in Fighting
  5648 | D:5      | Reached XP level 9. HP: 10/81 MP: 12/15
  6557 | D:6      | Noticed Menkaure
  6563 | D:6      | Killed Menkaure
  7042 | D:6      | You are sucked into a shaft and drop 3 floors!
  7245 | D:7      | Reached skill level 5 in Staves
  7321 | D:7      | Found a staircase to the Ecumenical Temple.
  7335 | D:7      | HP: 2/86 [vampire mosquito (5)]
  7336 | D:7      | Slain by a vampire mosquito

Illustrated notes

Levels and vault maps discovered:
D:1:      lemuel_arrival_tunnels, layout_loops_ring, serial_shops,
          nicolae_shop_trees
D:2:      layout_loops_ring, dk_vineyard_1
D:3:      layout_basic, mainiacjoe_overflow_tiny_flanked,
          hellmonk_ecumenical_altar_defaced_shrine, minmay_divided_ellipse
D:4:      layout_rooms, uniq_grinder
D:5:      layout_loops_ring, ebering_ghost_sewer_f
D:6:      layout_rooms, minmay_misc_feat_iff, uniq_pikel, uniq_menkaure
D:7:      layout_loops_ring, minmay_temple_entry_large_hall, enter_bailey_3
D:8:      layout_basic
D:9:      layout_cave_pods, minivault_25_ag

Skill      XL: |  1  2  3  4  5  6  7  8  9 |
---------------+----------------------------+-----
Fire Magic     | 4 6 8 |  8.0
Fighting       | 1 2 4 5 7 |  7.0
Dodging        | 2 |  2.0
Conjurations   | 2 4 |  4.0
Spellcasting   | 3 4 |  4.0
Stealth        | 4 |  4.0
Staves         | 2 4 5 |  5.4

Action                   |  1- 3 |  4- 6 |  7- 9 || total
-------------------------+-------+-------+-------++-------
Melee: Dagger            |     3 |       |       ||     3
       Quarterstaff      |    15 |    39 |    85 ||   139
 Cast: Foxfire           |    34 |    16 |    35 ||    85
       Scorch            |     5 |    21 |    55 ||    81
       Flame Wave        |       |       |     1 ||     1
Evoke: Wand              |       |       |     7 ||     7
  Use: Scroll            |     4 |     1 |     5 ||    10
       Potion            |       |       |    12 ||    12
 Stab: Sleeping          |     3 |     3 |     3 ||     9
       Paralysed         |       |       |     5 ||     5
Armor: Robe              |     5 |       |       ||     5
       Leather armour    |       |    20 |    41 ||    61
       Skin              |       |       |    13 ||    13
Dodge: Dodged            |    11 |    25 |    66 ||   102

Table legend: (Time is in decaauts)
 A = Elapsed time spent in this place.
 B = Non-inter-level travel time spent in this place.
 C = Inter-level travel time spent in this place.
 D = Time resting spent in this place.
 E = Time spent auto-exploring this place.
 F = Levels seen in this place.
 G = Mean time per level.
                   A        B        C        D        E       F      G
               +--------+--------+--------+--------+--------+-----+--------+
         Total |   8778 |   8474 |    304 |   1234 |   5965 |   9 |  975.3 |
       Dungeon |   8778 |   8474 |    304 |   1234 |   5965 |   9 |  975.3 |
               +--------+--------+--------+--------+--------+-----+--------+

Top non-repeatable levels by time:
     D:5: 2294 daAuts
     D:3: 1873 daAuts
     D:2: 1306 daAuts
     D:1: 1258 daAuts
     D:4: 932 daAuts
     D:6: 771 daAuts
     D:9: 138 daAuts
     D:7: 124 daAuts
     D:8: 78 daAuts
